Map: Eastwatch LE

Players

BubbaG

  • Race: Protoss Protoss
  • League: Gold
  • Spawn Location: 1:00

Test - Winner!

  • Race: Terran Terran
  • Spawn Location: 7:00

VOD

Have the link to the VOD?

Description

Time

  • Played on: May 14, 2018, 3:52 p.m.
  • Length: 19:59
Show
View Real Time Build Order
Export as new Build Order

BubbaG Protoss 

Build Orders:  

Get SALT Encoding   

  12  0:20  Probe  
  12  0:22  Pylon  
  13  0:28  Probe  
  14  0:36  Probe  
  15  0:46  Gateway  
  15  0:54  Gateway  
  15  1:04  Gateway  
  15  1:07  Probe  
  16  1:32  Pylon  
  16  1:34  Zealot  
  18  1:41  Zealot  
  20  1:52  Zealot  
  22  2:00  Cybernetics Core  
  22  2:03  Probe  
  22  2:05  Assimilator  
  23  2:10  Zealot  
  23  2:11  Probe  
  26  2:15  Zealot  
  26  2:21  Probe  
  29  2:30  Probe  
  29  2:34  Assimilator  
  30  2:38  Probe  
  30  2:53  Pylon  
  30  3:11  Probe  
  31  3:24  Probe  
  31  3:25  Stalker  
  33  3:29  Nexus  
  33  3:36  Stalker, Probe  
  36  3:42  Stalker  
  38  4:06  Pylon  
  38  4:09  Probe  
  39  4:24  Probe  
  39  4:25  Robotics Facility  
  40  4:36  Pylon  
  40  4:39  Pylon  
  40  4:43  Stalker  
  42  4:53  Stalker  
  42  4:54  Stalker  
  42  4:59  Probe  
  47  5:07  Probe  
  47  5:13  Observer  
  49  5:17  Probe  
  49  5:21  Zealot, Twilight Council  
  52  5:25  Zealot  
  54  5:33  Zealot  
  54  5:35  Probe  
  57  5:42  Forge  
  57  5:49  Charge  
  57  5:54  Immortal  
  61  6:04  Zealot  
  63  6:08  Zealot  
  65  6:13  Zealot  
  65  6:18  Warp Gate  
  67  6:30  Gateway  
  67  6:32  Gateway  
  67  6:46  Observer  
  68  6:53  Pylon  
  68  6:56  Protoss Shields Level 1  
  68  6:57  Zealot  
  68  6:58  Zealot, Stalker  
  74  7:09  Probe  
  75  7:21  Probe  
  75  7:22  Pylon  
  76  7:24  Stalker  
  76  7:25  Stalker  
  80  7:33  Observer, Probe  
  82  7:38  Blink  
  82  7:45  Assimilator  
  82  7:57  Photon Cannon  
  82  8:02  Photon Cannon  
  82  8:08  Photon Cannon  
  82  8:11  Photon Cannon  
  82  8:30  Pylon  
  82  8:34  Pylon  
  82  8:38  Stalker  
  82  8:39  Stalker x2  
  82  8:40  Zealot  
  82  8:41  Zealot  
  91  9:02  Immortal  
  95  9:06  Zealot x2  
  95  9:07  Zealot x2  
  103  9:10  Zealot  
  89  9:36  Zealot x3  
  89  9:37  Zealot x2  
  67  9:57  Zealot x2  
  67  9:58  Zealot  
  67  9:59  Zealot x2  
  75  10:19  Stalker  
  75  10:20  Stalker  
  75  10:21  Stalker x2  
  81  10:23  Zealot  
  85  10:36  Photon Cannon  
  85  10:40  Photon Cannon  
  85  10:55  Zealot  
  85  10:56  Zealot x2  
  91  10:58  Zealot  
  77  11:19  Zealot x3  
  77  11:20  Zealot  
  70  11:55  Stalker  
  70  11:56  Stalker x3  
  70  11:57  Stalker  
  56  12:24  Zealot  
  56  12:25  Zealot x2  
  56  12:26  Zealot x2  
  63  12:30  Probe  
  63  12:35  Assimilator  
  63  12:42  Probe  
  64  12:54  Probe  
  65  13:06  Probe  
  65  13:10  Nexus  
  65  13:12  Pylon  
  66  13:27  Zealot x3  
  66  13:28  Zealot x2  
  55  13:52  Gateway  
  55  13:53  Immortal  
  59  13:57  Gateway  
  59  13:59  Protoss Ground Weapons Level 1  
  59  14:01  Zealot x2  
  63  14:02  Zealot  
  63  14:04  Zealot  
  63  14:09  Zealot  
  69  14:25  Photon Cannon  
  69  14:28  Photon Cannon  
  69  14:36  Pylon  
  69  14:47  Robotics Bay  
  69  14:59  Probe  
  70  15:00  Robotics Facility  
  70  15:02  Assimilator  
  70  15:03  Stalker  
  70  15:05  Stalker  
  74  15:09  Stalker  
  74  15:11  Probe  
  74  15:13  Probe  
  78  15:25  Probe x2  
  80  15:35  Colossus  
  80  15:37  Probe  
  80  15:38  Probe  
  80  15:39  Stalker  
  80  15:40  Stalker  
  80  15:41  Stalker  
  94  15:47  Stalker  
  96  15:57  Colossus  
  102  16:17  Stalker  
  102  16:18  Stalker  
  106  16:22  Zealot  
  108  16:25  Zealot  
  108  16:29  Zealot  
  112  16:33  Zealot, Nexus  
  112  16:36  Zealot  
  116  16:47  Colossus  
  116  16:53  Protoss Ground Armor Level 1  
  122  16:58  Zealot  
  122  17:00  Zealot  
  126  17:04  Stalker  
  128  17:08  Stalker  
  128  17:13  Stalker  
  132  17:28  Assimilator  
  132  17:31  Photon Cannon  
  132  17:36  Photon Cannon, Assimilator  
  132  17:38  Assimilator  
  132  17:43  Photon Cannon  
  132  17:46  Stalker  
  132  17:50  Zealot  
  118  18:28  Zealot x2  
  118  18:29  Pylon, Zealot x3  
  118  18:30  Zealot x2  
  118  18:31  Pylon  
  62  19:27  Zealot x3  
  62  19:28  Zealot x2  
  62  19:29  Zealot  
  60  19:33  Zealot  
Show
View Real Time Build Order
Export as new Build Order

Test Terran - Winner!

Build Orders: Bio Tank 

Get SALT Encoding   

  12  0:00  SCV  
  13  0:12  SCV  
  14  0:25  SCV, Supply Depot  
  15  0:30  Refinery  
  15  0:46  SCV  
  16  0:54  Barracks  
  16  0:58  SCV  
  17  1:10  SCV  
  19  1:25  Supply Depot  
  19  1:32  SCV  
  19  1:33  Refinery  
  19  1:42  Marine  
  19  1:45  Orbital Command  
  20  2:09  Marine, Barracks  
  20  2:11  Barracks  
  21  2:27  Marine  
  21  2:28  Engineering Bay  
  22  2:44  Bunker  
  22  2:45  Marine  
  23  2:56  Command Center  
  23  3:01  Barracks Reactor  
  23  3:02  Marine  
  23  3:04  Barracks Reactor  
  24  3:07  Barracks Tech Lab  
  24  3:16  Factory  
  24  3:19  SCV, Refinery  
  25  3:28  Stimpack  
  25  3:29  Marine  
  26  3:38  Marine x2  
  26  3:39  Barracks Reactor  
  28  3:48  Supply Depot  
  28  3:59  Factory  
  28  4:03  Marine x2  
  28  4:05  Marine  
  31  4:14  Missile Turret  
  31  4:17  Missile Turret  
  31  4:21  Marine  
  31  4:23  Marine  
  33  4:26  Factory Tech Lab  
  33  4:32  Terran Infantry Weapons Level 1  
  33  4:35  SCV  
  34  4:45  Marine  
  36  4:50  Orbital Command  
  35  4:54  Marine  
  35  4:55  Factory Tech Lab  
  35  4:57  Factory Reactor  
  36  5:03  Siege Tank  
  39  5:10  Refinery  
  39  5:11  SCV  
  40  5:14  Marine  
  41  5:32  Marine  
  42  5:35  Marine x2  
  42  5:36  Marine  
  42  5:41  Combat Shields  
  45  5:50  Marine  
  45  5:52  Starport  
  45  5:56  SCV  
  47  6:08  Marine, SCV  
  49  6:11  Supply Depot  
  49  6:23  Siege Tank  
  54  6:25  Widow Mine  
  54  6:33  Marine, Widow Mine  
  54  6:34  Supply Depot  
  54  6:38  Supply Depot  
  57  6:43  SCV  
  57  6:45  SCV  
  59  6:48  Medivac  
  61  6:55  SCV  
  61  6:57  SCV  
  63  7:09  Marine x2  
  63  7:10  Marine  
  63  7:11  Marine x2  
  63  7:13  Siege Tank  
  63  7:14  Concussive Shells  
  71  7:18  Medivac  
  73  7:27  Marine  
  73  7:28  Marine  
  73  7:29  Starport  
  75  7:31  SCV  
  75  7:32  SCV, Refinery  
  77  7:43  SCV  
  78  7:49  Missile Turret  
  78  7:58  Missile Turret  
  78  8:02  Supply Depot  
  78  8:04  Armory  
  78  8:05  Supply Depot  
  78  8:06  Starport Reactor  
  78  8:07  Starport Tech Lab  
  78  8:20  Terran Infantry Armor Level 1  
  78  8:23  Marine x2  
  78  8:25  Armory  
  80  8:27  Siege Tank  
  80  8:28  Marine  
  80  8:29  Marine  
  85  8:57  SCV  
  85  9:00  Siege Tank  
  89  9:07  Supply Depot  
  89  9:09  SCV  
  90  9:12  Terran Vehicle Weapons Level 1  
  88  9:23  Medivac  
  70  9:32  Siege Tank  
  66  9:44  Marine x5  
  71  9:48  Medivac  
  71  9:49  Medivac  
  75  9:53  Medivac  
  68  10:02  Marine x5  
  60  10:18  Medivac  
  60  10:19  Marine x2  
  60  10:20  Marine x3  
  60  10:21  Siege Tank  
  70  10:37  Marine x3  
  70  10:38  Marine x2  
  75  10:47  Command Center  
  75  10:51  SCV  
  75  10:52  SCV  
  75  10:53  Siege Tank  
  75  10:54  Raven  
  75  10:55  Marine  
  83  11:03  SCV  
  83  11:04  SCV  
  68  11:09  Marine x4  
  60  11:15  Marine  
  44  11:27  Marine x3  
  44  11:33  Marine  
  44  11:38  Orbital Command  
  42  11:45  Marine x2  
  42  11:46  Marine  
  45  12:02  Marine  
  45  12:03  Marine  
  45  12:04  Marine  
  40  12:16  Terran Infantry Weapons Level 2  
  40  12:20  Marine x2  
  41  12:30  Orbital Command  
  41  12:34  SCV  
  42  12:38  Orbital Command  
  42  12:43  Marine x3  
  45  12:53  SCV  
  46  13:01  Marine x2  
  46  13:02  Marine  
  49  13:09  Hellbat  
  51  13:19  Marine x2  
  51  13:20  Marine  
  51  13:36  Marine x2  
  51  13:38  Marine, SCV  
  53  13:47  SCV  
  53  13:49  SCV  
  53  13:50  SCV  
  55  13:57  Marine x2  
  55  13:59  SCV  
  59  14:02  SCV  
  59  14:11  SCV  
  59  14:14  Marine  
  59  14:15  SCV  
  62  14:17  Marine  
  62  14:18  Marine  
  62  14:19  Marine  
  62  14:23  SCV  
  66  14:27  SCV  
  67  14:32  Marine  
  67  14:35  Marine, SCV  
  67  14:36  Marine  
  67  14:38  SCV  
  72  14:39  SCV  
  72  14:44  Marine  
  74  14:47  SCV  
  74  14:50  SCV, Marine  
  74  14:51  SCV  
  78  14:53  Marine  
  78  14:54  Marine  
  78  14:59  SCV, Hellbat x2  
  85  15:02  SCV, Marine  
  85  15:03  SCV  
  88  15:08  Marine  
  88  15:11  Marine  
  88  15:12  SCV, Marine  
  92  15:14  SCV  
  92  15:16  Sensor Tower  
  93  15:24  Supply Depot  
  93  15:25  Supply Depot  
  93  15:27  Supply Depot  
  93  15:39  Refinery  
  93  15:41  Refinery  
  93  15:45  Marine x3  
  93  15:46  SCV, Hellbat x2  
  93  15:47  Marine, SCV  
  93  15:48  Supply Depot, Refinery  
  103  15:58  SCV  
  103  16:03  Marine x3  
  107  16:04  Marine  
  107  16:10  SCV  
  109  16:21  Marine x3  
  109  16:22  SCV, Marine  
  116  16:26  Hellbat x2  
  118  16:34  SCV  
  118  16:39  Marine x3  
  122  16:40  Marine  
  122  16:41  Medivac  
  125  16:51  Command Center  
  125  16:55  Supply Depot  
  125  16:57  Terran Vehicle Weapons Level 2  
  125  16:59  Terran Vehicle And Ship Armor Level 1  
  125  17:08  Terran Infantry Weapons Level 3  
  125  17:17  Marine x2, Medivac, Hellbat x2  
  125  17:19  Supply Depot  
  133  17:24  Supply Depot  
  133  17:27  Supply Depot  
  133  17:36  Infernal Pre-Igniter  
  133  17:40  Marine x2  
  133  17:41  SCV x2, Medivac, Hellbat  
  141  17:46  Marine x2, SCV, Medivac, Hellbat  
  141  17:49  Medivac  
  150  17:58  Marine x2  
  150  18:02  Hellbat  
  150  18:03  Marine x2  
  156  18:08  Hellbat  
  158  18:16  Marine x2  
  160  18:21  Marine x2  
  160  18:24  Hellbat  
  164  18:29  Hellbat  
  166  18:34  Marine x2  
  166  18:39  Marine x2  
  170  18:46  SCV  
  170  18:47  Hellbat  
  156  18:52  Marine  
  157  19:09  SCV  
  157  19:10  Hellbat  
  157  19:15  Marine x2  
  157  19:16  Marine, Hellbat  
  157  19:17  Marine  
  157  19:21  SCV  
  114  19:33  Marine x2  
  114  19:34  SCV, Marine x2  
  131  19:45  Refinery  
  131  19:46  SCV  
  131  19:47  Refinery  
Tags
 
Composition
Bio Tank
League
Gold
Matchup
PvT
Spawn Locations
Cross Positions
Add a new tag
Caveats
  • Supply blocks, unpowered buildings, or Contaminate may cause inaccurate times.
  • Supply counts are checked every 10 seconds.